[Event "Late-Titled-Tuesday-Blitz-April-23-2024"]
[Site "Chess.com"]
[Date "2024.04.23"]
[Round "5"]
[White "JaackCamel"]
[Black "Sandstad"]
[Result "1-0"]
[WhiteElo "2237"]
[BlackElo "2459"]
[TimeControl "180+1"]
[EndTime "14:57:23 PDT"]
[Termination "JaackCamel won by resignation"]

1. d4 Nf6 2. c4 g6 3. Nc3 Bg7 4. e4 O-O 5. Nf3 d6 6. Be2 e5 7. Be3 Ng4 8. Bg5 f6 9. Bh4 h5 10. h3 Nh6 11. dxe5 dxe5 12. Qxd8 Rxd8 13. Nd5 g5 14.
Nxc7 gxh4 15. Nxa8 Na6 16. c5 Nxc5 17. Bc4+ Kh7 18.
Nc7 Nxe4 19. O-O Nf5 20. Rfd1 Nd4 21. Bd3 f5 22. Bxe4 fxe4 23. Ng5+ Kg6 24. Nxe4 Bf5 25.
Nc3 Bf6 26. N7d5 Bg5 27. Ne3 Be6 28. Kf1 b5 29. Nxb5 Nxb5 30. Rxd8 Bxd8 31. Rd1 Nd4 32. Rc1 Kf6 33. Rc3 Bb6 34. b4 Bxa2 35. Rc8 Be6 36. Rh8 Nc6 37. Rxh5 Nxb4 38. Rh6+ Ke7 39. Rxh4 Nd5 40.
Rh7+ Kd6 41. Nc4+ Kc5 42. Nxe5 a5 43. Nd3+ Kd4 44. Nb2 Nb4 45. Rh6 Ke5 46. Ke2 Bd4 47. Nd3+ Nxd3 48. Kxd3 Bf5+ 49. Kc4 a4 50. g4 Bc2 51. f4+ Ke4 52. Re6+ Kxf4 53. Kxd4 Kg3 54. g5 Kxh3 55. g6 Bb3 56. Re3+ Kh4 57. Rxb3 axb3 58. Kc3 Kg5 59. g7 1-0

[Event "Late-Titled-Tuesday-Blitz-April-23-2024"]
[Site "Chess.com"]
[Date "2024.04.23"]
[Round "5"]
[White "elmusmolamas"]
[Black "GothamChess"]
[Result "1-0"]
[WhiteElo "2506"]
[BlackElo "2685"]
[TimeControl "180+1"]
[EndTime "14:57:25 PDT"]
[Termination "elmusmolamas won on time"]

1. g3 e5 2. Bg2 h5 3. h4 Bc5 4. c3 Nc6 5. b4 Bb6 6. b5 Nce7 7. d4 Ng6 8. Nf3 e4 9. Ng5 d5 10. O-O f6 11. Nh3 Bd7 12. c4 dxc4 13. Bxe4 N8e7 14. Qc2 Bxh3 15. Bxg6+ Nxg6 16. Qxg6+ Kf8 17. Ba3+ Kg8 18.
Rd1 Qe8 19. Qxe8+ Rxe8 20. e3 Ba5 21. Rc1 Be6 22. Nc3 Bf7 23. Bc5 b6 24. Ba3 g5 25.
Ne2 Kg7 26. Rab1 Rhg8 27. Bb4 Bxb4 28. Rxb4 Kh7 29. hxg5 Rxg5 30. Kf1 a5 31. Rbb1 h4 32. gxh4 Rg4 33. a4 Rxh4 34. Nf4 Re4 35. Ra1 Kg7 36. Kg2 Rhxf4 37. exf4 Rxf4 38. Rd1 Bd5+ 39. Kf1 Kf7 40. Ra3 Rh4 41. Rg3 f5 42. Ke2 f4 43. Rg5 Be6 44. d5 Bd7 45. Rd4 Kf6 46. Rg1 Ke5 47. Rgd1 f3+ 48.
Ke3 Rh7 49. Re4+ Kd6 50. Rxc4 Bf5 51. Rc6+ Kd7 52. d6 1-0

[Event "Late-Titled-Tuesday-Blitz-April-23-2024"]
[Site "Chess.com"]
[Date "2024.04.23"]
[Round "5"]
[White "NMJeevanK"]
[Black "Vladimir_Zakhartsov"]
[Result "0-1"]
[WhiteElo "2663"]
[BlackElo "2918"]
[TimeControl "180+1"]
[EndTime "14:57:27 PDT"]
[Termination "Vladimir_Zakhartsov won by resignation"]

1. e4 c5 2. Nf3 d6 3. Bc4 Nf6 4.
d3 Nc6 5. O-O Bg4 6. h3 Bh5 7.
c3 e6 8. g4 Bg6 9. Re1 Be7 10.
Nh4 Nd7 11. Ng2 h5 12. f4 hxg4 13. hxg4 Nb6 14. f5 Nxc4 15. dxc4 Bh7 16. Bf4 Qb6 17.
Na3 O-O-O 18. Nb5 a6 19. Nxd6+ Bxd6 20. Bxd6 e5 21. Qd5 Rxd6 22. Qxd6 Rd8 23. Qd5 Rxd5 24. exd5 Nd8 25. b3 f6 26. Kf2 g6 27. Rh1 Qc7 28.
Ne3 Qg7 29. Rag1 Nf7 30. Rh2 Ng5 31. Rgh1 gxf5 32. gxf5 Qd7 33. d6 Qxd6 34. Nd5 Bxf5 35. Rh8+ Kd7 36. Rd1 Kc6 37. Nb4+ cxb4 38. Rxd6+ Kxd6 39. cxb4 Bd7 40. Ke3 f5 41. Rh5 f4+ 42. Kd3 Nf3 43.
Rh6+ Ke7 44. Ke4 Nd2+ 45. Kxe5 f3 46. Rh7+ Kd8 47. Kd6 Be8 48. Rh2 f2 49. Rxf2 Ne4+ 50. Kd5 Nxf2 51. Kc5 Kc7 52. a4 Nd3+ 53. Kd4 Nxb4 54.
Kc3 a5 55. Kd4 Kc6 56. Kc3 Kc5 57. Kb2 Bf7 58. Ka3 Bxc4 59. bxc4 Kxc4 60. Kb2 Na6 61. Ka2 Nc5 62. Ka1 Kb3 63. Kb1 Kxa4 64. Ka2 Kb4 65. Ka1 a4 66. Ka2 a3 67. Kb1 Kb3 68. Ka1 Na6 69. Kb1 Nb4 70. Ka1 Nc2+ 71. Kb1 a2+ 0-1

[Event "Late-Titled-Tuesday-Blitz-April-23-2024"]
[Site "Chess.com"]
[Date "2024.04.23"]
[Round "5"]
[White "Jahonas"]
[Black "biostatistician"]
[Result "0-1"]
[WhiteElo "2399"]
[BlackElo "2744"]
[TimeControl "180+1"]
[EndTime "14:57:27 PDT"]
[Termination "biostatistician won by resignation"]

1. d4 Nf6 2. Nf3 g6 3. g3 b6 4. Bg2 Bb7 5. O-O Bg7 6. b3 O-O 7. Bb2 c5 8. dxc5 bxc5 9. c4 d6 10. Nc3 Nc6 11. e3 Qa5 12. Qd2 Ne4 13. Nxe4 Qxd2 14.
Nfxd2 Bxb2 15. Rab1 Bg7 16. Rfd1 a5 17. Rdc1 Rfb8 18. Nc3 Nb4 19. Nd5 Bxd5 20. cxd5 Nxa2 21. Rc4 Rb4 22. Rxb4 Nxb4 23. Nc4 f5 24. h4 a4 25. bxa4 Rxa4 26. Nb6 Ra2 27. h5 Kf7 28. hxg6+ hxg6 29.
Bf1 Rd2 30. Bb5 Bf6 31. Bc6 Na2 32. Bd7 Nc3 33. Be6+ Kg7 34. Rf1 Ne4 35. Kg2 Bg5 36. Nc4 Rc2 37. Na3 Ra2 38. Nb5 Bxe3 39. Nc7 Bxf2 40. Rh1 Bxg3+ 41. Kf3 Rf2+ 42. Ke3 Bf4+ 43. Kd3 Rd2+ 44. Kc4 Rd4+ 45. Kb5 g5 46. Ne8+ Kg6 47.
Kc6 g4 48. Rh8 Nf6 49. Nxf6 Kxf6 50. Rf8+ Kg5 51. Rxf5+ Kh4 52. Rf7 Bg5 53. Rh7+ Kg3 54. Rg7 Bh4 55. Kb5 Kf3 56. Rf7+ Bf6 57. Rf8 g3 58. Rg8 g2 59. Kc6 Kf2 0-1

[Event "Late-Titled-Tuesday-Blitz-April-23-2024"]
[Site "Chess.com"]
[Date "2024.04.23"]
[Round "5"]
[White "Mikayel99"]
[Black "carokannlover213"]
[Result "0-1"]
[WhiteElo "2574"]
[BlackElo "2785"]
[TimeControl "180+1"]
[EndTime "14:57:27 PDT"]
[Termination "carokannlover213 won by checkmate"]

1. e4 e5 2. Nf3 Nf6 3. Nxe5 Nxe4 4. Qe2 Qe7 5. Qxe4 d6 6. d4 dxe5 7. Qxe5 Qxe5+ 8. dxe5 Nc6 9. Nc3 Nxe5 10. Bf4 Bd6 11. Bg3 Bg4 12. f3 Be6 13. O-O-O O-O-O 14. Nb5 Bc5 15. Be2 f6 16. Bxe5 fxe5 17. Nc3 Bf5 18.
Ne4 Be3+ 19. Kb1 h5 20. Bd3 Bd7 21. Rde1 Bd4 22. c3 Bb6 23. Ng5 Rde8 24. Nf7 Rhf8 25.
Nxe5 Bf2 26. Re2 Bf5 27. Rxf2 Rxe5 28. Rd1 h4 29. Bxf5+ Rfxf5 30. Rfd2 b6 31. h3 Re3 32. Kc2 Rg5 33. Rd8+ Kb7 34. R1d2 Re1 35. R8d4 Rg1 36. Rg4 Ra5 37. Rxh4 Rxa2 38. Rg4 a5 39. Kb3 Rga1 40. Re4 a4+ 41. Kb4 a3 42. Ree2 axb2 43. Rxb2 Ra3 44. Kc4 Rc1 45. Rbc2 Rd1 46. Red2 Re1 47. Kd3 Re6 48.
Re2 Rd6+ 49. Ke4 Rc6 50. Re3 Ra5 51. Kf4 Rc4+ 52. Re4 Rc6 53. g4 Rac5 54. Re3 b5 55. h4 Rc4+ 56. Kg5 R4c5+ 57. Kf4 Kc8 58. Rb2 Rc4+ 59. Re4 Rf6+ 60. Kg5 Rc5+ 61. Re5 Rxe5# 0-1

[Event "Late-Titled-Tuesday-Blitz-April-23-2024"]
[Site "Chess.com"]
[Date "2024.04.23"]
[Round "5"]
[White "DeTimmerman"]
[Black "Orest_Vovk"]
[Result "1-0"]
[WhiteElo "2752"]
[BlackElo "2564"]
[TimeControl "180+1"]
[EndTime "14:57:30 PDT"]
[Termination "DeTimmerman won by resignation"]

1. b4 Nf6 2. Bb2 Rg8 3. b5 a6 4. a4 axb5 5. axb5 Rxa1 6. Bxa1 e6 7. c4 d5 8. e3 b6 9. Nf3 Bb7 10. Be2 dxc4 11. Bxc4 g5 12. O-O Nbd7 13. Nc3 g4 14.
Ne1 Ne5 15. Be2 Qa8 16. Qa4 Nf3+ 17. Bxf3 gxf3 18. Qxa8+ Bxa8 19. g3 Ne4 20. Nxe4 Bxe4 21.
d3 Bb7 22. e4 Rg5 23. Nxf3 Rxb5 24. Be5 Bd6 25. Bxd6 cxd6 26. Rc1 Kd7 27. Nd4 Rb4 28. Ne2 Ba6 29. Rc3 Rb1+ 30. Kg2 b5 31. Ra3 Bb7 32.
Kf3 b4 33. Ra7 Kc7 34. Ke3 e5 35. Kd2 Rb2+ 36. Ke3 Kb6 37. Ra1 Bc6 38. f4 f6 39.
Rc1 Bb5 40. g4 Rb3 41. Rd1 Ra3 42. f5 h6 43. h4 b3 44. Nc3 b2 45. Kd2 Ra1 46. Nb1 Ba4 47. Re1 Bb3 48. Kc3 Ba2 49.
Kxb2 Rxb1+ 50. Rxb1 Bxb1 51. Kxb1 Kc5 52. Kc2 d5 53.
Kd2 Kd4 54. g5 fxg5 55. hxg5 hxg5 56. f6 dxe4 57. dxe4 Kxe4 58. f7 1-0

[Event "Late-Titled-Tuesday-Blitz-April-23-2024"]
[Site "Chess.com"]
[Date "2024.04.23"]
[Round "5"]
[White "Msb2"]
[Black "alexrustemov"]
[Result "1-0"]
[WhiteElo "3060"]
[BlackElo "2845"]
[TimeControl "180+1"]
[EndTime "14:57:32 PDT"]
[Termination "Msb2 won by resignation"]

1. d4 d5 2. c4 c6 3. Nf3 Nf6 4.
Nc3 dxc4 5. e4 b5 6. Qc2 e6 7.
Be2 a6 8. O-O Be7 9. b3 cxb3 10.
axb3 a5 11. e5 Nd5 12. Nxd5 Qxd5 13. Bd3 Bb7 14. Be4 Qd7 15. Bd2 b4 16. h4 h6 17.
Rfc1 O-O 18. Be3 c5 19. dxc5 Bxe4 20. Qxe4 Nc6 21. Nd4 Rfc8 22. Nxc6 Qxc6 23. Qxc6 Rxc6 24. h5 Kf8 25. Kf1 Ke8 26. Ke2 Kd7 27. Kd3 Rca6 28. Kc4 Kc6 29. Ra4 Rb8 30. Rd1 Rb5 31. Rd7 Bxc5 32.
Rc7+ Kxc7 33. Kxb5 Bxe3 34. Kxa6 Bxf2 35. Kxa5 Kc6 36.
Kxb4 Kd5 37. Ra5+ Ke4 38. Kc4 Bd4 39. b4 Bxe5 40. Rxe5+ Kxe5 41. Kc5 Kf6 42. Kd6 e5 43. Kd5 Kf5 44. b5 e4 45. g4+ Kxg4 46. Kxe4 f5+ 47.
Ke3 Kg3 48. b6 f4+ 49. Ke4 f3 50. b7 f2 51. b8=Q+ Kg2 52. Qb2 Kg1 53. Qxg7+ Kh1 54.
Qf6 Kg2 55. Qg6+ Kh1 56. Qf5 Kg2 57. Qg4+ Kh2 58. Qf3 Kg1 59. Kf5 f1=Q 60. Qxf1+ Kxf1 61. Kg6 1-0

[Event "Late-Titled-Tuesday-Blitz-April-23-2024"]
[Site "Chess.com"]
[Date "2024.04.23"]
[Round "5"]
[White "ilushka"]
[Black "MaxLeto"]
[Result "1/2-1/2"]
[WhiteElo "2544"]
[BlackElo "2433"]
[TimeControl "180+1"]
[EndTime "14:57:32 PDT"]
[Termination "Game drawn by stalemate"]

1. Nf3 d5 2. g3 c6 3. Bg2 Nf6 4. c4 Bg4 5. d4 e6 6. cxd5 exd5 7. h3 Bh5 8. Nc3 Nbd7 9. Ne5 Bb4 10. f4 Bg6 11. O-O Bxc3 12. bxc3 Be4 13. Ba3 Bxg2 14. Kxg2 Ne4 15. Qb3 Nb6 16. Rad1 f6 17. Nd3 Nc4 18. Nc5 Ne3+ 19. Kg1 Nxg3 20. Rf3 Nxd1 21. Rxg3 O-O 22. Rxg7+ Kh8 23. Qxb7 Rg8 24. Ne6 Qe8 25. Kf1 Qh5 26. Ke1 Ne3 27. Rxg8+ Rxg8 28. Be7 Qf5 29. Qd7 Ng2+ 30.
Kd2 Nxf4 31. Nxf4 Qxd7 32. Bxf6+ Rg7 33. Nh5 Kg8 34. Nxg7 Qxh3 35. Be5 Qh6+ 36. Kd3 Qg6+ 37. Kd2 Qxg7 38. Bxg7 Kxg7 39. Ke3 Kf6 40. Kf4 a5 41. e4 dxe4 42. Kxe4 Ke6 43. c4 Kd6 44. Kf5 h5 45. Kg5 Ke6 46. Kxh5 Kf5 47. d5 cxd5 48. cxd5 Ke5 49.
Kg4 Kxd5 50. Kf3 Kd4 51. Ke2 Kc3 52. Kd1 Kb2 53. Kd2 a4 54. a3 Kxa3 55. Kc1 Ka2 56. Kc2 a3 57. Kc1 Kb3 58. Kb1 a2+ 59. Ka1 Ka3 1/2-1/2

[Event "Late-Titled-Tuesday-Blitz-April-23-2024"]
[Site "Chess.com"]
[Date "2024.04.23"]
[Round "5"]
[White "rhungaski"]
[Black "profedechess93"]
[Result "1-0"]
[WhiteElo "2497"]
[BlackElo "2665"]
[TimeControl "180+1"]
[EndTime "14:57:36 PDT"]
[Termination "rhungaski won on time"]

1. e4 e6 2. d4 d5 3. Nc3 Nf6 4. e5 Nfd7 5. Nce2 c5 6. c3 Nc6 7. Nf3 b5 8. h4 Qb6 9. a3 a5 10. Nf4 Rb8 11. Be3 b4 12. axb4 axb4 13. Bd3 bxc3 14.
bxc3 cxd4 15. cxd4 Bb4+ 16. Kf1 Bc3 17. Rc1 Qa5 18.
Qc2 Bb2 19. Qxc6 Bxc1 20. Qxc1 Ba6 21. Bxa6 Qxa6+ 22. Kg1 O-O 23. Kh2 Rfc8 24. Qd2 Qa4 25. Ng5 Qc2 26. Qxc2 Rxc2 27. Ra1 h6 28. Nf3 Nb6 29.
Rb1 Nd7 30. Ra1 Nb6 31. Ra7 Nc4 32. Kg3 Rbb2 33. Ne1 Nxe3 34. fxe3 Rc3 35. Ra8+ Kh7 36. Ra7 Rxe3+ 37. Nf3 Kg8 38. h5 Rb8 39. Rc7 Reb3 40. Kg4 R3b7 41. Rc6 Rb6 42. Rc7 Rb4 43. Ra7 Rc4 44. Kg3 Rbc8 45. Rb7 R4c7 46. Rb6 Kh7 47. Ra6 Rc6 48. Ra7 R8c7 49. Ra8 g5 50. hxg6+ fxg6 51. Re8 g5 52. Nxe6 Ra7 53. Kg4 Kg6 54. Rg8+ Kh7 55.
Rf8 Rxe6 56. Kh5 1-0

[Event "Late-Titled-Tuesday-Blitz-April-23-2024"]
[Site "Chess.com"]
[Date "2024.04.23"]
[Round "5"]
[White "osielchesslover2011"]
[Black "MeisterJabo"]
[Result "1/2-1/2"]
[WhiteElo "2234"]
[BlackElo "2485"]
[TimeControl "180+1"]
[EndTime "14:57:38 PDT"]
[Termination "Game drawn by stalemate"]

1. e4 e5 2. Nf3 Nf6 3. Nxe5 d6 4.
Nf3 Nxe4 5. Nc3 Nxc3 6. dxc3 Be7 7. Be3 Nd7 8. Qd2 Nf6 9. O-O-O O-O 10. Bd3 c5 11. h4 b5 12. Bxb5 Rb8 13. Bc4 Qa5 14. Rhe1 Be6 15. Bxe6 fxe6 16. a3 Nd5 17. c4 Qb6 18. b3 Qa6 19. cxd5 Qxa3+ 20. Kb1 Bf6 21. Nd4 cxd4 22. Bxd4 e5 23. Bb2 Qc5 24. h5 Rfc8 25.
g4 a5 26. Rg1 a4 27. g5 axb3 28. cxb3 Bd8 29. h6 g6 30. f4 Rxb3 31. Rc1 Qb6 32. Rxc8 Qxg1+ 33. Qc1 Qxc1+ 34. Kxc1 exf4 35. Rxd8+ Kf7 36.
Rxd6 Rg3 37. Rf6+ Ke7 38. Rxf4 Kd6 39. Rd4 Rxg5 40. Rd2 Rxd5 41. Ba3+ Ke6 42. Rxd5 Kxd5 43. Kd2 Ke5 44. Ke3 Kf5 45. Kf3 Kg5 46. Bf8 Kf6 47. Kg4 Kf7 48. Bg7 Kg8 49. Kg5 Kf7 50. Ba1 Kg8 51. Kf6 Kf8 52. Ke6 Kg8 53. Ke7 g5 54. Bf6 g4 55. Bh4 g3 56. Bxg3 Kh8 57. Be5+ Kg8 58. Bd4 1/2-1/2

[Event "Late-Titled-Tuesday-Blitz-April-23-2024"]
[Site "Chess.com"]
[Date "2024.04.23"]
[Round "5"]
[White "dropstoneDP"]
[Black "JoakimVonAnd"]
[Result "0-1"]
[WhiteElo "3004"]
[BlackElo "2709"]
[TimeControl "180+1"]
[EndTime "14:57:41 PDT"]
[Termination "JoakimVonAnd won on time"]

1. e4 c6 2. d4 d5 3. e5 Bf5 4. Nf3 e6 5. Be2 Ne7 6. c3 Nd7 7. O-O h6 8. a4 g5 9. a5 Qc7 10. Nbd2 f6 11. exf6 Ng6 12. Ne5 Ngxe5 13. dxe5 Nxe5 14.
Bh5+ Kd8 15. a6 b5 16. Nb3 c5 17. f4 gxf4 18. Bxf4 Bd6 19. Kh1 Nc4 20. Bxd6 Qxd6 21. Qe2 Kc7 22. f7 Raf8 23. Rae1 Rh7 24. Rxf5 exf5 25.
Qe7+ Qxe7 26. Rxe7+ Kb6 27. Rb7+ Kc6 28. Rxa7 Nxb2 29.
Re7 Nc4 30. a7 Nb6 31. Na5+ Kd6 32. Rb7 Na8 33. Rb8 Rhh8 34. Rb7 b4 35. cxb4 c4 36. b5 c3 37. Bd1 d4 38. Bc2 Rh7 39.
Rb8 Rhxf7 40. b6 Nxb6 41. Rxb6+ Kc5 42. Rb8 Rxa7 43. Rxf8 Rxa5 44. Rxf5+ Kb4 45. Rf1 Ra2 46. Bg6 Rd2 47. h3 d3 48. Kh2 c2 49. Rf4+ Kc3 50. Rf8 c1=Q 51. Rc8+ Kb2 52. Rxc1 Kxc1 53. Kg3 Rd1 54.
Kh4 d2 55. Bh5 Rg1 56. g3 Kc2 57. Bf3 Kd3 58. Bh5 Ke3 59. Bg4 d1=Q 60. Bxd1 Rxd1 61.
g4 Kf4 62. Kh5 Rh1 63. h4 Rh2 0-1

[Event "Late-Titled-Tuesday-Blitz-April-23-2024"]
[Site "Chess.com"]
[Date "2024.04.23"]
[Round "5"]
[White "MatthewG-p4p"]
[Black "Polish_fighter3000"]
[Result "0-1"]
[WhiteElo "2914"]
[BlackElo "3119"]
[TimeControl "180+1"]
[EndTime "14:57:45 PDT"]
[Termination "Polish_fighter3000 won by checkmate"]

1. e4 d5 2. exd5 Qxd5 3. Nc3 Qa5 4. d4 Bf5 5. Nf3 e6 6. Ne5 c6 7. g4 Bg6 8. h4 Nf6 9. h5 Be4 10. Nc4 Qd8 11. Nxe4 Nxe4 12. c3 Nd7 13. Qf3 Nd6 14.
Bf4 Nxc4 15. Bxc4 Nb6 16. Bb3 Bd6 17. Bd2 a5 18. a4 Nd5 19. g5 Qc7 20. O-O-O O-O-O 21.
Kb1 Qe7 22. Qe4 g6 23. c4 Nb4 24. f4 Bc7 25. Bc3 Rhe8 26. hxg6 hxg6 27. Rh7 Rd7 28.
Qf3 Kb8 29. Re1 Qd8 30. d5 cxd5 31. Bf6 Qc8 32. cxd5 Nxd5 33. Bxd5 Rxd5 34. Rxf7 Rc5 35. Be5 Bxe5 36. fxe5 Rd8 37. Qb3 Rd4 38. Qb6 Rb4 39. Qd6+ Ka7 40. Rf2 Rd5 41. Qe7 Rxa4 42. Rc2 Qd7 43.
Qf6 Qb5 44. Qxg6 Qb3 45. Rc3 Qa2+ 46. Kc2 Rb4 47. Rb1 Rdb5 48. Qd3 Rxb2+ 49. Rxb2 Rxb2+ 50. Kd1 Qa4+ 51. Ke1 Qa1+ 52. Qd1 Rb1 53. Rd3 Rxd1+ 54.
Rxd1 Qxe5+ 55. Kf2 Qxg5 56. Rd3 Qf5+ 57. Rf3 Qxf3+ 58.
Kg1 b5 59. Kh2 Kb6 60. Kg1 a4 61. Kh2 Qg4 62. Kh1 a3 63. Kh2 a2 64. Kh1 b4 65.
Kh2 b3 66. Kh1 b2 67. Kh2 e5 68.
Kh1 e4 69. Kh2 e3 70. Kh1 e2 71. Kh2 Kc5 72. Kh1 Kd4 73. Kh2 Ke3 74. Kh1 Kf2 75.
Kh2 Qh4# 0-1

[Event "Late-Titled-Tuesday-Blitz-April-23-2024"]
[Site "Chess.com"]
[Date "2024.04.23"]
[Round "5"]
[White "zverr1"]
[Black "Giantgoogachess"]
[Result "1/2-1/2"]
[WhiteElo "2445"]
[BlackElo "2302"]
[TimeControl "180+1"]
[EndTime "14:57:47 PDT"]
[Termination "Game drawn by repetition"]

1. e4 c5 2. c3 g6 3. d4 cxd4 4.
cxd4 d5 5. e5 Nc6 6. Bb5 Bg7 7.
Nc3 Nh6 8. h3 O-O 9. Nf3 f6 10.
Bxc6 bxc6 11. O-O Nf7 12. exf6 exf6 13. Na4 Rb8 14. b3 Re8 15. Ba3 Nd6 16. Qd3 Bf5 17.
Qc3 Nb5 18. Qc1 Nxa3 19. Qxa3 Bf8 20. Qc1 Qd7 21. Nc5 Qc8 22. Qc3 Bd6 23. Rfe1 g5 24.
Rxe8+ Qxe8 25. Re1 Qc8 26. Qe3 Kf7 27. Qd2 h5 28.
Nxg5+ fxg5 29. Qxg5 Bxc5 30. dxc5 Qd7 31. Qxh5+ Bg6 32.
Qg5 Re8 33. Re5 Rxe5 34. Qxe5 Qe7 35. Qf4+ Kg7 36. h4 Qxc5 37. h5 Bxh5 38. Qe5+ Kg6 39. Qe8+ Kh6 40. Qh8+ Kg5 41. Qe5+ Kg4 42. Qe2+ Kh4 43.
g3+ Kg5 44. Qe5+ Kg6 45. Qe8+ Kh6 46. Qh8+ Kg5 47. Qe5+ Kg6 48. Qe8+ Kf6 49. Qxh5 Qc1+ 50. Kg2 Qc2 51. Qh6+ Ke5 52. Qf4+ Ke6 53. Qe3+ Kd6 54. Qxa7 Qe4+ 55. Kg1 Qe1+ 56. Kh2 Qe4 57. Qb8+ Kc5 58. Qa7+ Kd6 59. Qb8+ Kd7 60. Qb7+ Kd6 61. Qb6 Qh7+ 62. Kg1 Qb1+ 63. Kg2 Qe4+ 64. Kh2 d4 65. Qd8+ Kc5 66.
Qa5+ Kd6 67. Qd8+ Ke5 68. Qe7+ Kf5 69. Qh7+ Ke5 70. Qe7+ Kd5 71. Qd8+ Kc5 72. Qa5+ Kd6 73. Qd8+ 1/2-1/2

[Event "Late-Titled-Tuesday-Blitz-April-23-2024"]
[Site "Chess.com"]
[Date "2024.04.23"]
[Round "5"]
[White "MagnusCarlsen"]
[Black "dretch"]
[Result "1/2-1/2"]
[WhiteElo "3224"]
[BlackElo "2936"]
[TimeControl "180+1"]
[EndTime "14:57:50 PDT"]
[Termination "Game drawn - insufficient material"]

1. e4 e6 2. b3 d5 3. Bb2 Nf6 4. Nc3 d4 5. Nce2 Nxe4 6. Nxd4 Bc5 7. Ngf3 O-O 8. Qe2 e5 9. Qxe4 exd4 10. O-O-O Re8 11.
Qf4 Nc6 12. Bc4 Be6 13. Bxe6 Rxe6 14. Rhe1 Rf6 15. Qe4 h6 16. Kb1 Qd7 17. Qd3 a5 18. a3 Qd6 19. Ka2 a4 20. b4 Bxb4 21. Nxd4 Bc5 22. Nxc6 Qxd3 23. cxd3 Rxc6 24. f3 Bf8 25. Re4 Rd6 26. d4 f6 27. Rc1 c6 28. Bc3 Rd7 29. Rb1 Kf7 30. Rb6 Be7 31. g4 Bd8 32. Rb1 b5 33. Rc1 Bb6 34. Bb4 Rc8 35. d5 Rxd5 36. Re7+ Kg8 37. Re6 Rcd8 38. Rcxc6 Bd4 39. f4 Bg1 40. h4 Bh2 41. Re4 Rd4 42. Rxd4 Rxd4 43.
g5 fxg5 44. fxg5 hxg5 45. hxg5 Kh7 46. Rc5 Bf4 47. Bc3 Rd3 48. Rxb5 Bxd2 49. Bb4 Kg6 50. Ra5 Bxb4 51. axb4 Rf3 52. Rxa4 Kxg5 53. b5 Kg6 54. b6 Rf8 55. Kb3 Rb8 56. Rb4 Kf5 57. Kc4 g5 58.
Kc5 g4 59. Kc6 g3 60. Kc7 Rg8 61. b7 g2 62. Rb1 Rg7+ 63. Kb6 Rxb7+ 64. Kxb7 Kf4 65.
Rg1 Kf3 66. Rxg2 Kxg2 1/2-1/2

[Event "Late-Titled-Tuesday-Blitz-April-23-2024"]
[Site "Chess.com"]
[Date "2024.04.23"]
[Round "5"]
[White "Harsha_Bharathakoti"]
[Black "manitodeplomo"]
[Result "1-0"]
[WhiteElo "2914"]
[BlackElo "2663"]
[TimeControl "180+1"]
[EndTime "14:57:59 PDT"]
[Termination "Harsha_Bharathakoti won on time"]

1. c4 g6 2. Nc3 Bg7 3. d4 d6 4. e4 Nf6 5. Be2 O-O 6. Bg5 a6 7. Nf3 c5 8. O-O h6 9. Be3 Ng4 10. Bc1 Nc6 11. d5 Na5 12. h3 Nf6 13. Bd2 e5 14. a3 b6 15. b4 Nb7 16. Rb1 Bd7 17.
Qc1 Kh7 18. Ne1 Qc7 19. Nd3 cxb4 20. axb4 a5 21. Be3 axb4 22. Rxb4 Nc5 23. Nxc5 bxc5 24. Rb2 Rfb8 25. Qc2 Rxb2 26. Qxb2 Rb8 27. Qa2 h5 28. Bg5 Ng8 29. Nb5 Bxb5 30. cxb5 Bh6 31. Bxh6 Kxh6 32. Ra1 Nf6 33. Bd3 Kg7 34. Qa6 Nd7 35. Qc6 Qd8 36.
Ra7 Nb6 37. h4 Nc8 38. Rc7 Ne7 39. Qd7 Qxd7 40. Rxd7 Nc8 41. Rd8 Kf6 42. b6 Ke7 43. Rh8 Rxb6 44. Rxc8 Rb4 45. Rc7+ Kf8 46. Rd7 Rb6 47. g3 Ke8 48. Rc7 Kf8 49. Kg2 Rb3 50.
Ba6 Ra3 51. Bb5 Rb3 52. Bc6 Rb4 53. Rd7 Rxe4 54. Rxd6 Rd4 55. Rd8+ Ke7 56. Rd7+ Kf6 57. Rc7 e4 58. Be8 Rd2 59. Rxf7+ Ke5 60. Bc6 Kd6 61. Rf6+ Kc7 62. Rxg6 e3 63. Kf1 Rxf2+ 64. Ke1 c4 65. Bb5 Rf3 66. d6+ Kb6 67. d7+ Kc7 68. Rc6+ Kxd7 69.
Rf6+ Ke7 70. Rxf3 1-0

[Event "Late-Titled-Tuesday-Blitz-April-23-2024"]
[Site "Chess.com"]
[Date "2024.04.23"]
[Round "5"]
[White "BabageldiAnnaberdiyev"]
[Black "kalinchick"]
[Result "1/2-1/2"]
[WhiteElo "2591"]
[BlackElo "2454"]
[TimeControl "180+1"]
[EndTime "14:58:00 PDT"]
[Termination "Game drawn - insufficient material"]

1. e4 e6 2. d4 d5 3. e5 c5 4. c3 Nc6 5. Nf3 Nge7 6. a3 Nf5 7. b4 cxd4 8. cxd4 Qb6 9. Bb2 Bd7 10.
g4 Nfe7 11. Nc3 Na5 12. Nd2 Rc8 13. Rc1 Nc4 14. Bxc4 dxc4 15. Nce4 Ng6 16. Nxc4 Rxc4 17. Rxc4 Be7 18. Nc5 Bc6 19. Rg1 Nh4 20. Rg3 Ng2+ 21.
Rxg2 Bxg2 22. f3 Qb5 23. Qa4 Qxa4 24. Nxa4 Bxf3 25. Rc8+ Bd8 26. Nc5 b6 27. Nd3 Kd7 28.
Rc3 Bxg4 29. Kf2 Bf5 30. Nc1 Be7 31. Ne2 Rc8 32. Ke3 Rxc3+ 33. Bxc3 Bg5+ 34. Kf3 Bc2 35. d5 exd5 36. Nd4 Be4+ 37. Kg4 Be7 38. h4 g6 39. h5 gxh5+ 40. Kxh5 Bf8 41. Bd2 Bg6+ 42.
Kh4 Bg7 43. Bf4 Be4 44. Kg5 Bg6 45. Kg4 a5 46. bxa5 bxa5 47. Kg5 a4 48. Bg3 Bf8 49.
Kf6 Bxa3 50. e6+ fxe6 51. Nxe6 Bd6 52. Be1 a3 53. Bc3 a2 54. Nd4 Bc5 55. Ke5 Bd3 56.
Kxd5 Bxd4 57. Kxd4 Bg6 58. Kc5 Bf7 59. Kb4 Ke6 60. Ka3 Kf5 61. Kb2 h5 62. Ba5 h4 63.
Bc7 h3 64. Ka1 Ke4 65. Bb8 Kd5 66. Bc7 Kc6 67. Bh2 Bc4 68. Bg3 Kd5 69. Bh2 Kd4 70. Bb8 Kd3 71. Bc7 Kc2 72. Bb8 Bd3 73. Bh2 Kb3 74. Bb8 Bf5 75. Bh2 Kc3 76. Bb8 Kd4 77. Bh2 Ke4 78. Bb8 Kf3 79. Kxa2 Kg2 80. Bc7 Be6+ 81.
Kb2 Bd5 82. Bd6 Bf3 83. Be5 h2 84. Bxh2 1/2-1/2

[Event "Late-Titled-Tuesday-Blitz-April-23-2024"]
[Site "Chess.com"]
[Date "2024.04.23"]
[Round "5"]
[White "Slovak_fighter2000"]
[Black "HamedWafa4"]
[Result "1/2-1/2"]
[WhiteElo "2547"]
[BlackElo "2724"]
[TimeControl "180+1"]
[EndTime "14:58:01 PDT"]
[Termination "Game drawn by repetition"]

1. d4 Nf6 2. Nf3 c5 3. d5 b5 4. Bg5 g6 5. Bxf6 exf6 6. e4 b4 7. Nbd2 Bg7 8. Nc4 d6 9. Bd3 O-O 10. O-O Ba6 11. Nfd2 Qe7 12. Re1 Nd7 13. h3 Bxc4 14.
Nxc4 Ne5 15. Qe2 Rfe8 16. Rad1 Nxc4 17. Bxc4 f5 18. exf5 Qxe2 19. Rxe2 Rxe2 20. Bxe2 Bxb2 21. fxg6 hxg6 22. Bc4 Re8 23. Bb5 Re7 24. Kf1 Bc3 25.
g3 a5 26. h4 Kg7 27. Kg2 Re5 28. Bc4 a4 29. Bb5 Bd4 30. Kf1 Rxd5 31. Bxa4 Rf5 32. Rd2 Bc3 33. Re2 Bd4 34. Bd7 Rf6 35. Bc6 Kh6 36. f4 Kg7 37. Kg2 c4 38. Bd5 c3 39.
Re7 Rf5 40. Bb3 Bc5 41. Rd7 Kf8 42. Kf3 Ke8 43. Ba4 Kf8 44. Bb3 Rf6 45. Ke4 Ke8 46.
Ba4 Re6+ 47. Kd5 Kf8 48. Bb3 Re3 49. g4 Rf3 50. Ke4 Re3+ 51. Kd5 f5 52. gxf5 gxf5 53. Kc6 Rh3 54. Rf7+ Ke8 55. Rxf5 Rxh4 56. Kd5 Ke7 57. Kc6 Rh7 58. Kb5 Kd7 59. Rf7+ Rxf7 60. Bxf7 Ke7 61. Bb3 Kf6 62. Kc6 Kf5 63. Kd5 Kxf4 64. Bc4 Ke3 65.
Bb3 Kd2 66. Ba4 Kc1 67. Bb3 Kb2 68. Kc4 Ka3 69. Kd5 Kb2 70. Kc4 Ka1 71. Kd5 Kb1 72.
Kc4 Kb2 73. Kd5 Ka3 74. Kc4 Bb6 75. Kd5 Bc7 76. Kc6 Ba5 77. Kxd6 Bb6 78. Kd5 Be3 79. Kc4 Bc1 80. Kd5 Bb2 81. Kc4 Ba1 82. Kd5 Bb2 83. Kc4 Ba1 84. Kd5 Bb2 1/2-1/2

[Event "Late-Titled-Tuesday-Blitz-April-23-2024"]
[Site "Chess.com"]
[Date "2024.04.23"]
[Round "5"]
[White "Noki102"]
[Black "finec2"]
[Result "1/2-1/2"]
[WhiteElo "2516"]
[BlackElo "2237"]
[TimeControl "180+1"]
[EndTime "14:58:01 PDT"]
[Termination "Game drawn by repetition"]

1. d4 Nf6 2. Nc3 d5 3. Bf4 a6 4.
e3 Bf5 5. a3 h6 6. Nf3 e6 7. b4 Nbd7 8. Bd3 Bxd3 9. Qxd3 Bd6 10. O-O Bxf4 11. exf4 O-O 12. Rfe1 Re8 13. Ne5 a5 14. b5 Nb6 15. Re3 Nfd7 16. Rg3 Nxe5 17. fxe5 Qh4 18. Ne2 Nc4 19. f3 c5 20. Rg4 Qe7 21.
Nf4 Kh8 22. Nh5 Rg8 23. f4 cxd4 24. Qg3 f5 25. exf6 gxf6 26. Rg6 Kh7 27. f5 exf5 28. Nxf6+ Qxf6 29. Rxf6 Rxg3 30. hxg3 Ne3 31. Rd1 Nxd1 32. Rxf5 Ne3 33. Rf7+ Kg6 34. Rc7 Nxc2 35. Rxc2 Re8 36.
Rd2 Re4 37. Kf2 Kf6 38. a4 Ke6 39. Rc2 Kd6 40. Rc1 Re3 41. Rc8 Rc3 42. Rh8 Kc5 43.
Rxh6 d3 44. Rh1 d4 45. g4 Kb4 46. Rb1+ Kxa4 47. g5 Rc5 48. Rd1 Rxg5 49. Rxd3 Rd5 50. b6 Kb5 51. Rb3+ Kc6 52. Rb1 d3 53. Ke1 d2+ 54.
Kd1 Rg5 55. g4 Rxg4 56. Kxd2 Rg2+ 57. Kc3 Rg3+ 58. Kc4 Rg4+ 59. Kc3 Rg5 60. Kd4 Rb5 61. Rg1 Kxb6 62. Rg6+ Ka7 63. Kc4 Rb6 64. Rg8 Rc6+ 65. Kb5 Rb6+ 66. Kxa5 Rh6 67. Kb5 Rh5+ 68. Kb4 Rh4+ 69.
Kb5 Rh5+ 70. Kb4 Rh4+ 71. Kb5 Rh5+ 1/2-1/2